Workbook
Name _________aiu2: [1]AIU!$J$105
Name ________aiu2: [1]AIU!$J$105
Name _______aiu2: [1]AIU!$J$105
Name ______aiu2: [1]AIU!$J$105
Name _____aiu2: [2]AIU!$J$105
Name _____Vol1: [3]Item!$A$1:$D$65536
Name ____aiu2: [2]AIU!$J$105
Name ____Vol1: [3]Item!$A$1:$D$65536
Name ___aiu2: [2]AIU!$J$105
Name ___Vol1: [3]Item!$A$1:$D$65536
Name __aiu2: [2]AIU!$J$105
Name __Vol1: [3]Item!$A$1:$D$65536
Name _aiu2: [2]AIU!$J$105
Name _ETR13: #REF!
Name _ETR13: #REF!
Name _ETR13: #REF!
Name _ETR13: #REF!
Name _ETR13: #REF!
Name _ETR13: #REF!
Name _ETR13: #REF!
Name _ORO13: #REF!
Name _ORO13: #REF!
Name _ORO13: #REF!
Name _ORO13: #REF!
Name _ORO13: #REF!
Name _ORO13: #REF!
Name _ORO13: #REF!
Name _ORO14: #REF!
Name _ORO14: #REF!
Name _ORO14: #REF!
Name _ORO14: #REF!
Name _ORO14: #REF!
Name _ORO14: #REF!
Name _ORO14: #REF!
Name _ORO15: #REF!
Name _ORO15: #REF!
Name _ORO15: #REF!
Name _ORO15: #REF!
Name _ORO15: #REF!
Name _ORO15: #REF!
Name _ORO15: #REF!
Name _ORO16: #REF!
Name _ORO16: #REF!
Name _ORO16: #REF!
Name _ORO16: #REF!
Name _ORO16: #REF!
Name _ORO16: #REF!
Name _ORO16: #REF!
Name _ORO17: #REF!
Name _ORO17: #REF!
Name _ORO17: #REF!
Name _ORO17: #REF!
Name _ORO17: #REF!
Name _ORO17: #REF!
Name _ORO17: #REF!
Name _ORO18: #REF!
Name _ORO18: #REF!
Name _ORO18: #REF!
Name _ORO18: #REF!
Name _ORO18: #REF!

Sheet PRESUPUESTO OFICIAL (Entidad)
A9: FDLT-LP-XXX-2023
A10: FONDO DE DESARROLLO LOCAL DE TUNJUELITO
A11: ALCALDÍA LOCAL DE TUNJUELITO
A12: CONTRATAR POR EL SISTEMA DE PRECIOS UNITARIOS FIJOS Y A MONTO AGOTABLE EL DIAGNOSTICO, MANTENIMIENTO, MEJORAMIENTO, ADECUACIÓN Y/O DOTACIÓN DE LOS PARQUES VECINALES Y DE BOLSILLO DE LA LOCALIDAD DE TUNJUELITO EN LA CIUDAD DE BOGOTÁ D.C
A13: FORMULARIO No. 1
A14: PRESUPUESTO OFICIAL
A16: COD IDRD / IDU | B16: ÍTEM | C16: DESCRIPCIÓN | D16: UNID. | E16: CANTIDAD | F16: VR. UNITARIO | G16: VALOR TOTAL
A17: PRESUPUESTO DE LA ENTIDAD
A18: 1 | C18: PRELIMINARES
A19: 3007 | B19: 1.1 | C19: LOCALIZACION Y REPLANTEO CON EQUIPO | D19: M2 | E19: 1200 | F19: 758 | G19: =+ROUND(E19*F19,0) -> 909600
A20: 6162 | B20: 1.2 | C20: DIAGNOSTICO DE ESPACIO PUBLICO Y CICLORRUTA Y PUENTES PEATONALES (VISUAL). INCLUYE LEVANTAMIENTO TOPOGRÁFICO Y GEORREFERENCIACIÓN DE ELEMENTOS | D20: M2 | E20: 1200 | F20: 135 | G20: =+ROUND(E20*F20,0) -> 162000
C21: TOTAL PRELIMINARES | G21: =+SUM(G19:G20) -> 1071600
A23: 2 | C23: CERRAMIENTO PRELIMINAR
A24: 5366 | B24: 2.1 | C24: CERRAMIENTO LONA H=2.20 MTS(EXC) ** | D24: M2 | E24: 500 | F24: 2656 | G24: =+ROUND(E24*F24,0) -> 1328000
C25: TOTAL CERRAMIENTO PRELIMINAR | G25: =SUM(G24) -> 1328000
A27: 3 | C27: EXCAVACIONES, RETIRO Y DISPOSICION FINAL
A28: 3710 | B28: 3.1 | C28: EXCAVACIÓN MECÁNICA EN MATERIAL COMÚN (INCLUYE CARGUE) | D28: M3 | E28: 600 | F28: 5427 | G28: =+ROUND(E28*F28,0) -> 3256200
A29: 3017 | B29: 3.2 | C29: TRANSPORTE Y DISPOSICIÓN FINAL DE ESCOMBROS EN SITIO AUTORIZADO (DISTANCIA DE TRANSPORTE 21 KM). A DISTANCIA MAYOR DEL ACARREO LIBRE (90 M) EN SITIO AUTORIZADO POR LA ENTIDAD AMBIENTAL COMPETENTE. | D29: M3 | E29: 800 | F29: 34896 | G29: =+ROUND(E29*F29,0) -> 27916800
A30: 3464 | B30: 3.3 | C30: EXCAVACION MANUAL EN MATERIAL COMUN. INCLUYE CARGUE. | D30: M3 | E30: 200 | F30: 36750 | G30: =+ROUND(E30*F30,0) -> 7350000
C31: TOTAL EXCAVACIONES, RETIRO Y DISPOSICION FINAL | G31: =SUM(G28:G30) -> 38523000
A33: 4 | C33: RELLENOS
A34: 4157 | B34: 4.1 | C34: BASE GRANULAR CLASE B (BG_B) (SUMINISTRO, EXTENDIDO, NIVELACIÓN, HUMEDECIMIENTO Y COMPACTACIÓN CON VIBROCOMPACTADOR) | D34: M3 | E34: 300 | F34: 170564 | G34: =+ROUND(E34*F34,0) -> 51169200
A35: 4160 | B35: 4.2 | C35: SUBBASE GRANULAR CLASE B (SBG_B) (SUMINISTRO, EXTENDIDO, NIVELACIÓN, HUMEDECIMIENTO Y COMPACTACIÓN CON VIBROCOMPACTADOR) | D35: M3 | E35: 300 | F35: 152000 | G35: =+ROUND(E35*F35,0) -> 45600000
C36: TOTAL RELLENOS | G36: =SUM(G34:G35) -> 96769200
A38: 5 | C38: GEOTEXTIL
A39: 4015 | B39: 5.1 | C39: GEOTEXTIL NT 4000 PARA SEPARACION SUBRASANTE/CAPAS GRANULARES (INCLUYE SUMINISTRO E INSTALACIÓN) | D39: M2 | E39: 5000 | F39: 10868 | G39: =+ROUND(E39*F39,0) -> 54340000
C40: TOTAL GEOTEXTIL | G40: =SUM(G39) -> 54340000
A42: 6 | C42: ACERO DE REFUERZO
A43: 4238 | B43: 6.1 | C43: MALLA ELECTROSOLDADA 0.25X0.25M, D=4MM, 4MM (INCLUYE SUMINISTRO, FIJACIÓN E INSTALACIÓN) | D43: KG | E43: 600 | F43: 6562 | G43: =+ROUND(E43*F43,0) -> 3937200
A44: 7088 | B44: 6.2 | C44: ACERO FIGURADO No. 4 (Ø 1/2") F'y=60000 PSI | D44: KG | E44: 1000 | F44: 4522 | G44: =+ROUND(E44*F44,0) -> 4522000
C45: TOTAL ACERO | G45: =SUM(G43:G44) -> 8459200
A47: 7 | C47: DEMOLICIONES Y/O DESMONTES
A48: 3012 | B48: 7.1 | C48: DEMOLICIÓN PISOS DE CONCRETO (ESPESOR VARIABLE HASTA 0.10 M. INCLUYE CARGUE). NO INCLUYE TRANSPORTE Y DISPOSICIÓN FINAL DE SOBRANTES. | D48: M2 | E48: 200 | F48: 6831 | G48: =+ROUND(E48*F48,0) -> 1366200
A49: 7751 | B49: 7.2 | C49: FRESADO PAVIMENTO ASFÁLTICO (INCLUYE CARGUE) INCLUYE AGUA, PUNTAS. NO INCLUYE TRANSPORTE DE MAQUINARIA, TRANSPORTE DEL FRESADO NI DISPOSICIÓN FINAL). | D49: M3 | E49: 70 | F49: 92496 | G49: =+ROUND(E49*F49,0) -> 6474720
A50: 4289 | B50: 7.3 | C50: DEMOLICIÓN MUROS E=0.15M (INCLUYE CARGUE) | D50: M2 | E50: 200 | F50: 22916 | G50: =+ROUND(E50*F50,0) -> 4583200
A51: 3011 | B51: 7.4 | C51: DEMOLICION MANUAL SARDINEL EXISTENTE (INCLUYE CARGUE). NO INCLUYE TRANSPORTE Y DISPOSICIÓN FINAL DE SOBRANTES. | D51: ML | E51: 300 | F51: 5157 | G51: =+ROUND(E51*F51,0) -> 1547100
A52: 3010 | B52: 7.5 | C52: DEMOLICION PAVIMENTO ASFALTICO (INCLUYE CARGUE). NO INCLUYE TRANSPORTE Y DISPOSICIÓN FINAL DE SOBRANTES. | D52: M3 | E52: 70 | F52: 32445 | G52: =+ROUND(E52*F52,0) -> 2271150
A53: 16645 IDRD | B53: 7.6 | C53: Demol. manual concreto (cargue+retiro) | D53: M3 | E53: 20 | F53: 326407.99 | G53: =+ROUND(E53*F53,0) -> 6528160
A54: 13024 IDRD | B54: 7.7 | C54: Demolicion Manual gradería Ladrillo y Placa Conc. | D54: ML | E54: 50 | F54: 68125.34 | G54: =+ROUND(E54*F54,0) -> 3406267
A55: 4703 | B55: 7.8 | C55: RETIRO DE LOSETA A-50 SOBRE ARENA | D55: M2 | E55: 150 | F55: 2392 | G55: =+ROUND(E55*F55,0) -> 358800
A56: 4581 | B56: 7.9 | C56: RETIRO DE ADOQUIN SOBRE MORTERO | D56: M2 | E56: 104 | F56: 2429 | G56: =+ROUND(E56*F56,0) -> 252616
A57: 11275 IDRD | B57: 7.1 | C57: Desmonte Y Reinstalac.estruc.de cancha multiple**(Incluye demolició, cortes y pintura nueva) El juego incluye dos estructuras | D57: JGO | E57: 6 | F57: 982485.35 | G57: =+ROUND(E57*F57,0) -> 5894912
A58: 20649 IDRD | B58: 7.11 | C58: DESMONTE, PINTURA GENERAL Y ARREGLO, REPOSICION PIEZAS BIOSALUDABLES | D58: UN | E58: 8 | F58: 954388 | G58: =+ROUND(E58*F58,0) -> 7635104
C59: TOTAL DEMOLICIONES Y/O DESMONTES | G59: =SUM(G48:G58) -> 40318229
A61: 8 | C61: ESTRUCTURAS EN CONCRETO
A62: 3567 | B62: 8.1 | C62: MURO EN BLOQUE ESTRUCTURAL TIPO PIEDRA GRIS (REFERENCIA: PI-16. INCLUYE SUMINISTRO Y CONSTRUCCIÓN) | D62: M2 | E62: 100 | F62: 92722 | G62: =+ROUND(E62*F62,0) -> 9272200
A63: 3425 | B63: 8.2 | C63: ANDEN CONCRETO GRAVA COMÚN DE 3000 PSI (210 KG/CM2) PREMEZCLADO E=0.10M (INCLUYE SUMINISTRO, FORMALETEO, FUNDIDA Y CURADO) | D63: M2 | E63: 200 | F63: 68678 | G63: =+ROUND(E63*F63,0) -> 13735600
A64: 17010 IDRD | B64: 8.3 | C64: LOSA MACIZA DE GRADERIAS EN CONCRETO VISTO COLOR GRIS CLARO CON ARENAS CLARAS DE ROZO F'C 28 MPA E: 0.10 M. INCLUYE VIGAS PROFUNDAS H: 0.35 M. | D64: M2 | E64: 80 | F64: 168658.08 | G64: =+ROUND(E64*F64,0) -> 13492646
C65: TOTAL ESTRUCTURAS EN CONCRETO | G65: =SUM(G62:G64) -> 36500446
A67: 9 | C67: BORDILLOS, LOSETAS Y CUNETAS
A68: 3210 | B68: 9.1 | C68: BORDILLO PREFABRICADO A80 (SUMINISTRO E INSTALACIÓN. INCLUYE 3CM MORTERO DE NIVELACIÓN 2000 PSI) | D68: ML | E68: 200 | F68: 62364 | G68: =+ROUND(E68*F68,0) -> 12472800
A69: 3751 | B69: 9.2 | C69: CAÑUELA TIPO A120 (SUMINISTRO E INSTALACIÓN. INCLUYE 3CM MORTERO 1:5) | D69: ML | E69: 120 | F69: 65766 | G69: =+ROUND(E69*F69,0) -> 7891920
A70: 5181 | B70: 9.3 | C70: SARDINEL FUNDIDO EN SITIO EN CONCRETO PREMEZCLADO DE 3000PSI. SUMINISTRO Y CONSTRUCCION. (GRAVA COMÚN) E=0.20M H=0.35M (INCLUYE FORMALETA METÁLICA, ACERO DE REFUERZO Y ALAMBRE NEGRO). | D70: ML | E70: 210 | F70: 52510 | G70: =+ROUND(E70*F70,0) -> 11027100
A71: 4054 | B71: 9.4 | C71: SARDINEL TIPO A10 (SUMINISTRO E INSTALACIÓN. INCLUYE 3CM MORTERO 2000 PSI) | D71: ML | E71: 120 | F71: 77295 | G71: =+ROUND(E71*F71,0) -> 9275400
A72: 4856 | B72: 9.5 | C72: PISOS EN LOSETA PREFABRICADA A55 TÁCTIL ALERTA O A56 GUIA 40X40X6 CM. SUMINISTRO E INSTALACIÓN. (INCLUYE 4CM DE MORTERO 1:5 HECHO EN OBRA PARA BASE Y ARENA DE PEÑA PARA SELLO). | D72: M2 | E72: 70 | F72: 103717 | G72: =+ROUND(E72*F72,0) -> 7260190
A73: 3207 | B73: 9.6 | C73: SARDINEL ESPECIAL A100 PARA RAMPA TIPO A (SUMINISTRO E INSTALACIÓN. INCLUYE 3CM MORTERO 1:5) | D73: UN | E73: 50 | F73: 57338 | G73: =+ROUND(E73*F73,0) -> 2866900
A74: 8449 | B74: 9.7 | C74: TABLETA PREFABRICADA EN CONCRETO 6X20X20 COLOR GRIS NATURAL O SIMILAR (SUMINISTRO E INSTALACIÓN) | D74: M2 | E74: 200 | F74: 90508 | G74: =+ROUND(E74*F74,0) -> 18101600
A75: 4064 | B75: 9.8 | C75: PISO EN ADOQUIN DE ARCILLA 20X10X6CM (SUMINISTRO E INSTALACIÓN. INCLUYE BASE 3CM ARENA NIVELACION Y ARENA DE SELLO) | D75: M2 | E75: 200 | F75: 58619 | G75: =+ROUND(E75*F75,0) -> 11723800
A76: 6562 | B76: 9.9 | C76: REHABILITACIÓN ANDEN ADOQUÍN ARCILLA TR LIVIANO SOBRE MORTERO. NO INCL BORDILLO. INCL. RETIRO ADOQUIN E INSTALAR EL MISMO. NO INCLUYE REDES. | D76: M2 | E76: 400 | F76: 70311 | G76: =+ROUND(E76*F76,0) -> 28124400
C77: TOTAL BORDILLOS, LOSETAS Y CUNETAS | G77: =SUM(G68:G76) -> 108744110
A79: 10 | C79: INFRAESTRUCTURA ELECTRICA
A80: 16688 IDRD | B80: 10.1 | C80: CANALIZ DUCTO ELECTRIC PVC- D2X3" ZONA DURA | D80: ML | E80: 50 | F80: 150653.4 | G80: =+ROUND(E80*F80,0) -> 7532670
A81: 5767 | B81: 10.2 | C81: CABLE NO.6 AWG-THHN-600V EN COBRE. SUMINISTRO E INSTALACION. (INCLUYE ACCESORIOS DE INSTALACION). | D81: ML | E81: 310 | F81: 13083 | G81: =+ROUND(E81*F81,0) -> 4055730
A82: 11723 IDRD | B82: 10.3 | C82: EMPALME RESINA SUMERGIBLE | D82: JG | E82: 6 | F82: 191184.83 | G82: =+ROUND(E82*F82,0) -> 1147109
A83: 7643 | B83: 10.4 | C83: LUMINARIA LED I, 16 LED, RA03SIM, 21W, 4000°K 100-227 V. (INCLUYE LUMINARIA, CABLES Y ELEMENTOS DE CONEXIÓN, OBRAS COMPLEMENTARIAS Y ACCESORIOS. INCLUYE SUMINISTRO, INSTALACIÓN, PRUEBAS Y PUESTA EN FUNCIONAMIENTO). | D83: UND | E83: 6 | F83: 1406498 | G83: =+ROUND(E83*F83,0) -> 8438988
A84: 11628 IDRD | B84: 10.5 | C84: PUESTA A TIERRA MEDIDOR ** | D84: UND | E84: 1 | F84: 490464.97 | G84: =+ROUND(E84*F84,0) -> 490465
A85: 15683 IDRD | B85: 10.6 | C85: CAJA+ MEDIDOR TRIFASICO 100 AMP+Breaker ind. Ajust | D85: UND | E85: 1 | F85: 1460457.2 | G85: =+ROUND(E85*F85,0) -> 1460457
C86: TOTAL INFRAESTRUCTURA ELÉCTRICA | G86: =SUM(G80:G85) -> 23125419
A88: 11 | C88: PISOS Y ACABADOS
A89: 12541 IDRD | B89: 11.1 | C89: Recubrimiento sintetico Acrilico campos deportivos TIPO SPORTMASTER O SIMILARES | D89: M2 | E89: 1196 | F89: 64583 | G89: =+ROUND(E89*F89,0) -> 77241268
A90: 4200 | B90: 11.2 | C90: MEZCLA ASFÁLTICA EN CALIENTE TIPO DENSO MD20 ASFALTO CONVENCIONAL 60-70 (SUMINISTRO, EXTENDIDO, NIVELACIÓN Y COMPACTACIÓN MECANICA CON VIBROCOMPACTADOR Y COMPACTADOR DE LLANTAS) | D90: M3 | E90: 58 | F90: 1026911 | G90: =+ROUND(E90*F90,0) -> 59560838
A91: 3867 | B91: 11.3 | C91: RIEGO DE LIGA CON EMULSION ASFALTICA CRR-2 (SUMINISTRO, BARRIDO SUPERFICIE Y RIEGO MECANICO) | D91: M2 | E91: 800 | F91: 5065 | G91: =+ROUND(E91*F91,0) -> 4052000
A92: 10256 IDRD | B92: 11.4 | C92: Demarcacion pintura trafico multiple a=0.1 ** | D92: M2 | E92: 1000 | F92: 10036.84 | G92: =+ROUND(E92*F92,0) -> 10036840
A93: 10957 IDRD | B93: 11.5 | C93: Limpeza Estruct.Metalica- pintura esmalte+anticorr | D93: ML | E93: 300 | F93: 13956.17 | G93: =+ROUND(E93*F93,0) -> 4186851
A94: 11186 IDRD | B94: 11.6 | C94: Limp. Estruct. Metalica y pintura esmalte+ antic**. (Incluye andamio y equipo protección contra caidas) | D94: ML | E94: 500 | F94: 25419.41 | G94: =+ROUND(E94*F94,0) -> 12709705
A95: 12480 IDRD | B95: 11.7 | C95: Mantenimiento arcos (porterías) de fútbol **. El juego incluye dos estructuras. (Incluye equipo de soldadura, anticorrosivo, pintura esmalte) | D95: JGO | E95: 8 | F95: 436129.65 | G95: =+ROUND(E95*F95,0) -> 3489037
C96: TOTAL PISOS Y ACABADOS | G96: =SUM(G89:G95) -> 171276539
A98: 12 | C98: MOBILIARIO URBANO
A99: 10271 IDRD | B99: 12.1 | C99: Suministro e instalación banca prefabricada en concreto M-40 (incluye excavación manual con retiro, geotextil, recebo B400 20cm, recebo B600 15 cm; piso concreto 7 cm mortero de pega y nivelación 3 cm). Zonas Duras | D99: UND | E99: 5 | F99: 235940.51 | G99: =+ROUND(E99*F99,0) -> 1179703
A100: 4675 | B100: 12.2 | C100: CANECA TIPO M120 (EN MALLA METÁLICA. INCLUYE SUMINISTRO E INSTALACIÓN. INCLUYE BASE EN CONCRETO 3000 PSI, PREMEZCLADO | D100: UND | E100: 8 | F100: 360072 | G100: =+ROUND(E100*F100,0) -> 2880576
A101: 7382 | B101: 12.3 | C101: JUEGO INFANTIL TIPO M-3 METÁLICO. INCLUYE RODADERO, BARRAS DE FLEXIÓN, ESCALADOR ÁRBOL Y ARCO, PASAMANOS Y ANGULATADO, PLATAFORMAS CUBIERTAS, ACABDO SUPERFICIAL EN PINTURA EN POLVO EN SECO TGIC | D101: UND | E101: 2 | F101: 6247500 | G101: =+ROUND(E101*F101,0) -> 12495000
A102: 8406 | B102: 12.4 | C102: PUNTO ECOLÓGICO COMPUESTO POR 3 CANECAS TIPO BARCELONA M-121. (INCLUYE CONCRETO PARA ANCLAJE DE 3000 PSI PREMEZCLADO GRAVA COMÚN Y SUBBASE GRANULAR PEATONAL SBG_PEA). SUMINISTRO E INSTALACIÓN | D102: UND | E102: 5 | F102: 2157279 | G102: =+ROUND(E102*F102,0) -> 10786395
A103: 14811 IDRD | B103: 12.5 | C103: BARANDA CERRAMIENTO M-83 ES(DESM+SUM+INST) | D103: ML | E103: 60 | F103: 377490.68 | G103: =+ROUND(E103*F103,0) -> 22649441
C104: MOBILIARIO URBANO | G104: =SUM(G99:G103) -> 49991115
A106: COSTOS DIRECTOS | G106: =+G21+G25+G31+G36+G40+G45+G59+G65+G77+G96+G104+G86 -> 630446858
A108: COMPONENTE AMBIENTAL | F108: =+'PGA - SST'!$M$97 -> 0.025411214 | G108: =+F108*$G$106 -> 16020420
A109: COMPONENTE SOCIAL | F109: =+PGS!$K$48 -> 0.011073013 | G109: =+F109*$G$106 -> 6980946
A110: COMPONENTE PMT | F110: =+PMT!$N$32 -> 0.01489162 | G110: =+F110*$G$106 -> 9388375
A112: SUBTOTAL COMPONENTES | G112: =+G108+G109+G110 -> 32389741
A114: Administración (% de los CD) | F114: =+'AIU OBRA'!$O$77 -> 0.27665099 | G114: =+F114*$G$106 -> 1.7441375e+08
A115: Imprevistos (%de los CD) | F115: =+'AIU OBRA'!$O$78 -> 0.01 | G115: =+F115*$G$106 -> 6304468.6
A116: Utilidad (%de los CD) | F116: =+'AIU OBRA'!$O$79 -> 0.05 | G116: =+F116*$G$106 -> 31522343
A118: SUBTOTAL COSTOS INDIRECTOS | G118: =SUM(G114:G116) -> 2.1224056e+08
A120: COSTO TOTAL OBRA | G120: =+G118+G112+G106 -> 8.7507716e+08

Sheet PROPUESTA ECONOMICA
A9: FDLT-LP-XXX-2023
A10: FONDO DE DESARROLLO LOCAL DE TUNJUELITO
A11: ALCALDÍA LOCAL DE TUNJUELITO
A12: CONTRATAR POR EL SISTEMA DE PRECIOS UNITARIOS FIJOS Y A MONTO AGOTABLE EL DIAGNOSTICO, MANTENIMIENTO, MEJORAMIENTO, ADECUACIÓN Y/O DOTACIÓN DE LOS PARQUES VECINALES Y DE BOLSILLO DE LA LOCALIDAD DE TUNJUELITO EN LA CIUDAD DE BOGOTÁ D.C
A13: FORMULARIO No. 1
A14: PRESUPUESTO OFICIAL
A16: COD IDRD / IDU | B16: ÍTEM | C16: DESCRIPCIÓN | D16: UNID. | E16: CANTIDAD | F16: VR. UNITARIO | G16: VALOR TOTAL
A17: PRESUPUESTO DE LA ENTIDAD
A18: 1 | C18: PRELIMINARES
A19: 3007 | B19: 1.1 | C19: LOCALIZACION Y REPLANTEO CON EQUIPO | D19: M2 | E19: 1200 | G19: =+ROUND(E19*F19,0) -> 0
A20: 6162 | B20: 1.2 | C20: DIAGNOSTICO DE ESPACIO PUBLICO Y CICLORRUTA Y PUENTES PEATONALES (VISUAL). INCLUYE LEVANTAMIENTO TOPOGRÁFICO Y GEORREFERENCIACIÓN DE ELEMENTOS | D20: M2 | E20: 1200 | G20: =+ROUND(E20*F20,0) -> 0
C21: TOTAL PRELIMINARES | G21: =+SUM(G19:G20) -> 0
A23: 2 | C23: CERRAMIENTO PRELIMINAR
A24: 5366 | B24: 2.1 | C24: CERRAMIENTO LONA H=2.20 MTS(EXC) ** | D24: M2 | E24: 500 | G24: =+ROUND(E24*F24,0) -> 0
C25: TOTAL CERRAMIENTO PRELIMINAR | G25: =SUM(G24) -> 0
A27: 3 | C27: EXCAVACIONES, RETIRO Y DISPOSICION FINAL
A28: 3710 | B28: 3.1 | C28: EXCAVACIÓN MECÁNICA EN MATERIAL COMÚN (INCLUYE CARGUE) | D28: M3 | E28: 600 | G28: =+ROUND(E28*F28,0) -> 0
A29: 3017 | B29: 3.2 | C29: TRANSPORTE Y DISPOSICIÓN FINAL DE ESCOMBROS EN SITIO AUTORIZADO (DISTANCIA DE TRANSPORTE 21 KM). A DISTANCIA MAYOR DEL ACARREO LIBRE (90 M) EN SITIO AUTORIZADO POR LA ENTIDAD AMBIENTAL COMPETENTE. | D29: M3 | E29: 800 | G29: =+ROUND(E29*F29,0) -> 0
A30: 3464 | B30: 3.3 | C30: EXCAVACION MANUAL EN MATERIAL COMUN. INCLUYE CARGUE. | D30: M3 | E30: 200 | G30: =+ROUND(E30*F30,0) -> 0
C31: TOTAL EXCAVACIONES, RETIRO Y DISPOSICION FINAL | G31: =SUM(G28:G30) -> 0
A33: 4 | C33: RELLENOS
A34: 4157 | B34: 4.1 | C34: BASE GRANULAR CLASE B (BG_B) (SUMINISTRO, EXTENDIDO, NIVELACIÓN, HUMEDECIMIENTO Y COMPACTACIÓN CON VIBROCOMPACTADOR) | D34: M3 | E34: 300 | G34: =+ROUND(E34*F34,0) -> 0
A35: 4160 | B35: 4.2 | C35: SUBBASE GRANULAR CLASE B (SBG_B) (SUMINISTRO, EXTENDIDO, NIVELACIÓN, HUMEDECIMIENTO Y COMPACTACIÓN CON VIBROCOMPACTADOR) | D35: M3 | E35: 300 | G35: =+ROUND(E35*F35,0) -> 0
C36: TOTAL RELLENOS | G36: =SUM(G34:G35) -> 0
A38: 5 | C38: GEOTEXTIL
A39: 4015 | B39: 5.1 | C39: GEOTEXTIL NT 4000 PARA SEPARACION SUBRASANTE/CAPAS GRANULARES (INCLUYE SUMINISTRO E INSTALACIÓN) | D39: M2 | E39: 5000 | G39: =+ROUND(E39*F39,0) -> 0
C40: TOTAL GEOTEXTIL | G40: =SUM(G39) -> 0
A42: 6 | C42: ACERO DE REFUERZO
A43: 4238 | B43: 6.1 | C43: MALLA ELECTROSOLDADA 0.25X0.25M, D=4MM, 4MM (INCLUYE SUMINISTRO, FIJACIÓN E INSTALACIÓN) | D43: KG | E43: 600 | G43: =+ROUND(E43*F43,0) -> 0
A44: 7088 | B44: 6.2 | C44: ACERO FIGURADO No. 4 (Ø 1/2") F'y=60000 PSI | D44: KG | E44: 1000 | G44: =+ROUND(E44*F44,0) -> 0
C45: TOTAL ACERO | G45: =SUM(G43:G44) -> 0
A47: 7 | C47: DEMOLICIONES Y/O DESMONTES
A48: 3012 | B48: 7.1 | C48: DEMOLICIÓN PISOS DE CONCRETO (ESPESOR VARIABLE HASTA 0.10 M. INCLUYE CARGUE). NO INCLUYE TRANSPORTE Y DISPOSICIÓN FINAL DE SOBRANTES. | D48: M2 | E48: 200 | G48: =+ROUND(E48*F48,0) -> 0
A49: 7751 | B49: 7.2 | C49: FRESADO PAVIMENTO ASFÁLTICO (INCLUYE CARGUE) INCLUYE AGUA, PUNTAS. NO INCLUYE TRANSPORTE DE MAQUINARIA, TRANSPORTE DEL FRESADO NI DISPOSICIÓN FINAL). | D49: M3 | E49: 70 | G49: =+ROUND(E49*F49,0) -> 0
A50: 4289 | B50: 7.3 | C50: DEMOLICIÓN MUROS E=0.15M (INCLUYE CARGUE) | D50: M2 | E50: 200 | G50: =+ROUND(E50*F50,0) -> 0
A51: 3011 | B51: 7.4 | C51: DEMOLICION MANUAL SARDINEL EXISTENTE (INCLUYE CARGUE). NO INCLUYE TRANSPORTE Y DISPOSICIÓN FINAL DE SOBRANTES. | D51: ML | E51: 300 | G51: =+ROUND(E51*F51,0) -> 0
A52: 3010 | B52: 7.5 | C52: DEMOLICION PAVIMENTO ASFALTICO (INCLUYE CARGUE). NO INCLUYE TRANSPORTE Y DISPOSICIÓN FINAL DE SOBRANTES. | D52: M3 | E52: 70 | G52: =+ROUND(E52*F52,0) -> 0
A53: 16645 IDRD | B53: 7.6 | C53: Demol. manual concreto (cargue+retiro) | D53: M3 | E53: 20 | G53: =+ROUND(E53*F53,0) -> 0
A54: 13024 IDRD | B54: 7.7 | C54: Demolicion Manual gradería Ladrillo y Placa Conc. | D54: ML | E54: 50 | G54: =+ROUND(E54*F54,0) -> 0
A55: 4703 | B55: 7.8 | C55: RETIRO DE LOSETA A-50 SOBRE ARENA | D55: M2 | E55: 150 | G55: =+ROUND(E55*F55,0) -> 0
A56: 4581 | B56: 7.9 | C56: RETIRO DE ADOQUIN SOBRE MORTERO | D56: M2 | E56: 104 | G56: =+ROUND(E56*F56,0) -> 0
A57: 11275 IDRD | B57: 7.1 | C57: Desmonte Y Reinstalac.estruc.de cancha multiple**(Incluye demolició, cortes y pintura nueva) El juego incluye dos estructuras | D57: JGO | E57: 6 | G57: =+ROUND(E57*F57,0) -> 0
A58: 20649 IDRD | B58: 7.11 | C58: DESMONTE, PINTURA GENERAL Y ARREGLO, REPOSICION PIEZAS BIOSALUDABLES | D58: UN | E58: 8 | G58: =+ROUND(E58*F58,0) -> 0
C59: TOTAL DEMOLICIONES Y/O DESMONTES | G59: =SUM(G48:G58) -> 0
A61: 8 | C61: ESTRUCTURAS EN CONCRETO
A62: 3567 | B62: 8.1 | C62: MURO EN BLOQUE ESTRUCTURAL TIPO PIEDRA GRIS (REFERENCIA: PI-16. INCLUYE SUMINISTRO Y CONSTRUCCIÓN) | D62: M2 | E62: 100 | G62: =+ROUND(E62*F62,0) -> 0
A63: 3425 | B63: 8.2 | C63: ANDEN CONCRETO GRAVA COMÚN DE 3000 PSI (210 KG/CM2) PREMEZCLADO E=0.10M (INCLUYE SUMINISTRO, FORMALETEO, FUNDIDA Y CURADO) | D63: M2 | E63: 200 | G63: =+ROUND(E63*F63,0) -> 0
A64: 17010 IDRD | B64: 8.3 | C64: LOSA MACIZA DE GRADERIAS EN CONCRETO VISTO COLOR GRIS CLARO CON ARENAS CLARAS DE ROZO F'C 28 MPA E: 0.10 M. INCLUYE VIGAS PROFUNDAS H: 0.35 M. | D64: M2 | E64: 80 | G64: =+ROUND(E64*F64,0) -> 0
C65: TOTAL ESTRUCTURAS EN CONCRETO | G65: =SUM(G62:G64) -> 0
A67: 9 | C67: BORDILLOS, LOSETAS Y CUNETAS
A68: 3210 | B68: 9.1 | C68: BORDILLO PREFABRICADO A80 (SUMINISTRO E INSTALACIÓN. INCLUYE 3CM MORTERO DE NIVELACIÓN 2000 PSI) | D68: ML | E68: 200 | G68: =+ROUND(E68*F68,0) -> 0
A69: 3751 | B69: 9.2 | C69: CAÑUELA TIPO A120 (SUMINISTRO E INSTALACIÓN. INCLUYE 3CM MORTERO 1:5) | D69: ML | E69: 120 | G69: =+ROUND(E69*F69,0) -> 0
A70: 5181 | B70: 9.3 | C70: SARDINEL FUNDIDO EN SITIO EN CONCRETO PREMEZCLADO DE 3000PSI. SUMINISTRO Y CONSTRUCCION. (GRAVA COMÚN) E=0.20M H=0.35M (INCLUYE FORMALETA METÁLICA, ACERO DE REFUERZO Y ALAMBRE NEGRO). | D70: ML | E70: 210 | G70: =+ROUND(E70*F70,0) -> 0
A71: 4054 | B71: 9.4 | C71: SARDINEL TIPO A10 (SUMINISTRO E INSTALACIÓN. INCLUYE 3CM MORTERO 2000 PSI) | D71: ML | E71: 120 | G71: =+ROUND(E71*F71,0) -> 0
A72: 4856 | B72: 9.5 | C72: PISOS EN LOSETA PREFABRICADA A55 TÁCTIL ALERTA O A56 GUIA 40X40X6 CM. SUMINISTRO E INSTALACIÓN. (INCLUYE 4CM DE MORTERO 1:5 HECHO EN OBRA PARA BASE Y ARENA DE PEÑA PARA SELLO). | D72: M2 | E72: 70 | G72: =+ROUND(E72*F72,0) -> 0
A73: 3207 | B73: 9.6 | C73: SARDINEL ESPECIAL A100 PARA RAMPA TIPO A (SUMINISTRO E INSTALACIÓN. INCLUYE 3CM MORTERO 1:5) | D73: UN | E73: 50 | G73: =+ROUND(E73*F73,0) -> 0
A74: 8449 | B74: 9.7 | C74: TABLETA PREFABRICADA EN CONCRETO 6X20X20 COLOR GRIS NATURAL O SIMILAR (SUMINISTRO E INSTALACIÓN) | D74: M2 | E74: 200 | G74: =+ROUND(E74*F74,0) -> 0
A75: 4064 | B75: 9.8 | C75: PISO EN ADOQUIN DE ARCILLA 20X10X6CM (SUMINISTRO E INSTALACIÓN. INCLUYE BASE 3CM ARENA NIVELACION Y ARENA DE SELLO) | D75: M2 | E75: 200 | G75: =+ROUND(E75*F75,0) -> 0
A76: 6562 | B76: 9.9 | C76: REHABILITACIÓN ANDEN ADOQUÍN ARCILLA TR LIVIANO SOBRE MORTERO. NO INCL BORDILLO. INCL. RETIRO ADOQUIN E INSTALAR EL MISMO. NO INCLUYE REDES. | D76: M2 | E76: 400 | G76: =+ROUND(E76*F76,0) -> 0
C77: TOTAL BORDILLOS, LOSETAS Y CUNETAS | G77: =SUM(G68:G76) -> 0
A79: 10 | C79: INFRAESTRUCTURA ELECTRICA
A80: 16688 IDRD | B80: 10.1 | C80: CANALIZ DUCTO ELECTRIC PVC- D2X3" ZONA DURA | D80: ML | E80: 50 | G80: =+ROUND(E80*F80,0) -> 0
A81: 5767 | B81: 10.2 | C81: CABLE NO.6 AWG-THHN-600V EN COBRE. SUMINISTRO E INSTALACION. (INCLUYE ACCESORIOS DE INSTALACION). | D81: ML | E81: 310 | G81: =+ROUND(E81*F81,0) -> 0
A82: 11723 IDRD | B82: 10.3 | C82: EMPALME RESINA SUMERGIBLE | D82: JG | E82: 6 | G82: =+ROUND(E82*F82,0) -> 0
A83: 7643 | B83: 10.4 | C83: LUMINARIA LED I, 16 LED, RA03SIM, 21W, 4000°K 100-227 V. (INCLUYE LUMINARIA, CABLES Y ELEMENTOS DE CONEXIÓN, OBRAS COMPLEMENTARIAS Y ACCESORIOS. INCLUYE SUMINISTRO, INSTALACIÓN, PRUEBAS Y PUESTA EN FUNCIONAMIENTO). | D83: UND | E83: 6 | G83: =+ROUND(E83*F83,0) -> 0
A84: 11628 IDRD | B84: 10.5 | C84: PUESTA A TIERRA MEDIDOR ** | D84: UND | E84: 1 | G84: =+ROUND(E84*F84,0) -> 0
A85: 15683 IDRD | B85: 10.6 | C85: CAJA+ MEDIDOR TRIFASICO 100 AMP+Breaker ind. Ajust | D85: UND | E85: 1 | G85: =+ROUND(E85*F85,0) -> 0
C86: TOTAL INFRAESTRUCTURA ELÉCTRICA | G86: =SUM(G80:G85) -> 0
A88: 11 | C88: PISOS Y ACABADOS
A89: 12541 IDRD | B89: 11.1 | C89: Recubrimiento sintetico Acrilico campos deportivos TIPO SPORTMASTER O SIMILARES | D89: M2 | E89: 1196 | G89: =+ROUND(E89*F89,0) -> 0
A90: 4200 | B90: 11.2 | C90: MEZCLA ASFÁLTICA EN CALIENTE TIPO DENSO MD20 ASFALTO CONVENCIONAL 60-70 (SUMINISTRO, EXTENDIDO, NIVELACIÓN Y COMPACTACIÓN MECANICA CON VIBROCOMPACTADOR Y COMPACTADOR DE LLANTAS) | D90: M3 | E90: 58 | G90: =+ROUND(E90*F90,0) -> 0
A91: 3867 | B91: 11.3 | C91: RIEGO DE LIGA CON EMULSION ASFALTICA CRR-2 (SUMINISTRO, BARRIDO SUPERFICIE Y RIEGO MECANICO) | D91: M2 | E91: 800 | G91: =+ROUND(E91*F91,0) -> 0
A92: 10256 IDRD | B92: 11.4 | C92: Demarcacion pintura trafico multiple a=0.1 ** | D92: M2 | E92: 1000 | G92: =+ROUND(E92*F92,0) -> 0
A93: 10957 IDRD | B93: 11.5 | C93: Limpeza Estruct.Metalica- pintura esmalte+anticorr | D93: ML | E93: 300 | G93: =+ROUND(E93*F93,0) -> 0
A94: 11186 IDRD | B94: 11.6 | C94: Limp. Estruct. Metalica y pintura esmalte+ antic**. (Incluye andamio y equipo protección contra caidas) | D94: ML | E94: 500 | G94: =+ROUND(E94*F94,0) -> 0
A95: 12480 IDRD | B95: 11.7 | C95: Mantenimiento arcos (porterías) de fútbol **. El juego incluye dos estructuras. (Incluye equipo de soldadura, anticorrosivo, pintura esmalte) | D95: JGO | E95: 8 | G95: =+ROUND(E95*F95,0) -> 0
C96: TOTAL PISOS Y ACABADOS | G96: =SUM(G89:G95) -> 0
A98: 12 | C98: MOBILIARIO URBANO
A99: 10271 | B99: 12.1 | C99: Suministro e instalación banca prefabricada en concreto M-40 (incluye excavación manual con retiro, geotextil, recebo B400 20cm, recebo B600 15 cm; piso concreto 7 cm mortero de pega y nivelación 3 cm). Zonas Duras | D99: UND | E99: 5 | G99: =+ROUND(E99*F99,0) -> 0
A100: 4675 | B100: 12.2 | C100: CANECA TIPO M120 (EN MALLA METÁLICA. INCLUYE SUMINISTRO E INSTALACIÓN. INCLUYE BASE EN CONCRETO 3000 PSI, PREMEZCLADO | D100: UND | E100: 8 | G100: =+ROUND(E100*F100,0) -> 0
A101: 7382 | B101: 12.3 | C101: JUEGO INFANTIL TIPO M-3 METÁLICO. INCLUYE RODADERO, BARRAS DE FLEXIÓN, ESCALADOR ÁRBOL Y ARCO, PASAMANOS Y ANGULATADO, PLATAFORMAS CUBIERTAS, ACABDO SUPERFICIAL EN PINTURA EN POLVO EN SECO TGIC | D101: UND | E101: 2 | G101: =+ROUND(E101*F101,0) -> 0
A102: 8406 | B102: 12.4 | C102: PUNTO ECOLÓGICO COMPUESTO POR 3 CANECAS TIPO BARCELONA M-121. (INCLUYE CONCRETO PARA ANCLAJE DE 3000 PSI PREMEZCLADO GRAVA COMÚN Y SUBBASE GRANULAR PEATONAL SBG_PEA). SUMINISTRO E INSTALACIÓN | D102: UND | E102: 5 | G102: =+ROUND(E102*F102,0) -> 0
A103: 14811 IDRD | B103: 12.5 | C103: BARANDA CERRAMIENTO M-83 ES(DESM+SUM+INST) | D103: ML | E103: 60 | G103: =+ROUND(E103*F103,0) -> 0
C104: MOBILIARIO URBANO | G104: =SUM(G99:G103) -> 0
A106: COSTOS DIRECTOS | G106: =+G21+G25+G31+G36+G40+G45+G59+G65+G77+G96+G104+G86 -> 0
A108: COMPONENTE AMBIENTAL | F108: =+'PGA - SST'!$M$97 -> 0.025411214 | G108: =+F108*$G$106 -> 0
A109: COMPONENTE SOCIAL | F109: =+PGS!$K$48 -> 0.011073013 | G109: =+F109*$G$106 -> 0
A110: COMPONENTE PMT | F110: =+PMT!$N$32 -> 0.01489162 | G110: =+F110*$G$106 -> 0
A112: SUBTOTAL COMPONENTES | G112: =+G108+G109+G110 -> 0
A114: Administración (% de los CD) | F114: =+'AIU OBRA'!$O$77 -> 0.27665099 | G114: =+F114*$G$106 -> 0
A115: Imprevistos (%de los CD) | F115: =+'AIU OBRA'!$O$78 -> 0.01 | G115: =+F115*$G$106 -> 0
A116: Utilidad (%de los CD) | F116: =+'AIU OBRA'!$O$79 -> 0.05 | G116: =+F116*$G$106 -> 0
A118: SUBTOTAL COSTOS INDIRECTOS | G118: =SUM(G114:G116) -> 0
A120: COSTO TOTAL OBRA | G120: =+G118+G112+G106 -> 0

Sheet AIU OBRA
A11: FONDO DE DESARROLLO LOCAL DE TUNJUELITO
A12: ALCALDÍA LOCAL DE TUNJUELITO
A13: CONTRATAR POR EL SISTEMA DE PRECIOS UNITARIOS FIJOS Y A MONTO AGOTABLE EL DIAGNOSTICO, MANTENIMIENTO, MEJORAMIENTO, ADECUACIÓN Y/O DOTACIÓN DE LOS PARQUES VECINALES Y DE BOLSILLO DE LA LOCALIDAD DE TUNJUELITO EN LA CIUDAD DE BOGOTÁ D.C
A15: MATRIZ DE CÁLCULO DE AIU
B17: PRESUPUESTO ESTIMADO DE OBRA | J17: FECHA:
B18: COSTOS DIRECTOS DE OBRA | E18: =+'PRESUPUESTO OFICIAL (Entidad)'!G106 -> 630446858 | J18: CONTRATO No.
B19: TERMINO ESTIMADO DE EJECUCIÓN DE OBRA | E19: 3 | F19: MESES
B20: TERMINO ESTIMADO ETAPA DE PRELIMINARES | E20: 1 | F20: MESES
A22: COD IDU | B22: ÍTEM | C22: A. ADMINISTRACIÓN
C23: 1. COSTOS MENSUALES DE PERSONAL
C24: CARGO | E24: CANT | F24: CATEGORÍA | G24: INICIO | H24: OBRA | I24: RECIBO | J24: TOPE SALARIO (MES) | K24: FACTOR PRESTACIONAL | L24: TOTAL DEDICACIÓN POR ETAPA | O24: SALARIO + PRESTACIONES
G25: MES | H25: MES | I25: MES
G26: =+E20 -> 1 | H26: =+E19 -> 3 | I26: 0 | L26: INICIO | M26: OBRA | N26: RECIBO
E27: A | G27: B | J27: C | K27: D | L27: E | O27: F=A*B*C*D*E
B28: 1.1 | C28: PERSONAL PROFESIONAL (Ingenieros y Otros)
A29: 9110 | B29: 1.101 | C29: DIRECTOR DE OBRA | E29: 1 | F29: 4 | G29: 0.3 | H29: 0.3 | J29: 7881000 | K29: 1.4516131 | L29: =+$E$20 -> 1 | M29: =+$E$19 -> 3 | O29: =(E29*J29*K29)*((M29*H29)+(G29*L29)) -> 13728196
A30: 9112 | B30: 1.102 | C30: INGENIERO RESIDENTE DE OBRA | E30: 1 | F30: 6 | G30: 0.4 | H30: 1 | J30: 6339000 | K30: 1.4525083 | L30: =+$E$20 -> 1 | M30: =+$E$19 -> 3 | O30: =(E30*J30*K30)*((M30*H30)+(G30*L30)) -> 31305330
A31: 9112 | B31: 1.103 | C31: ESPECIALISTA EN PAVIMENTOS | E31: 1 | F31: 4 | G31: 0.2 | H31: 0.1 | J31: 7881000 | K31: 1.4516131 | L31: 1 | M31: =+$E$19 -> 3 | O31: =(E31*J31*K31)*((M31*H31)+(G31*L31)) -> 5720081.5
A32: 9112 | B32: 1.104 | C32: PROFESIONAL SISO | E32: 1 | F32: 6 | G32: 0 | H32: 0.4 | J32: 6339000 | K32: =+K30 -> 1.4525083 | L32: 0 | M32: =+$E$19 -> 3 | O32: =(E32*J32*K32)*((M32*H32)+(G32*L32)) -> 11048940
A33: 9112 | B33: 1.105 | C33: PROFESIONAL AMBIENTAL | E33: 1 | F33: 6 | G33: 0.2 | H33: 0.3 | J33: 6339000 | K33: =+K32 -> 1.4525083 | L33: =+$E$20 -> 1 | M33: =+$E$19 -> 3 | O33: =(E33*J33*K33)*((M33*H33)+(G33*L33)) -> 10128195
A34: 9112 | B34: 1.106 | C34: PROFESIONAL EN TRANSITO Y TRANSPORTE | E34: 1 | F34: 6 | G34: 0.2 | H34: 0.3 | J34: 6339000 | K34: =+K33 -> 1.4525083 | L34: =+$E$20 -> 1 | M34: =+$E$19 -> 3 | O34: =(E34*J34*K34)*((M34*H34)+(G34*L34)) -> 10128195
A35: 9112 | B35: 1.107 | C35: PROFESIONAL SOCIAL | E35: 1 | F35: 6 | G35: 0.15 | H35: 0.15 | J35: 6339000 | K35: =+K34 -> 1.4525083 | L35: =+$E$20 -> 1 | M35: =+$E$19 -> 3 | O35: =(E35*J35*K35)*((M35*H35)+(G35*L35)) -> 5524470
A36: 9112 | B36: 1.108 | C36: ESPECIALISTA ELECTRICO | E36: 1 | F36: 4 | G36: 0.2 | H36: 0.2 | J36: 7881000 | K36: =+K31 -> 1.4516131 | L36: 1 | M36: =+$E$19 -> 3 | O36: =(E36*J36*K36)*((M36*H36)+(G36*L36)) -> 9152130.4
B38: 1.2 | C38: PERSONAL TÉCNICO Y PERSONAL AUXILIAR
A39: 9088 | B39: 1.201 | C39: TARIFA MES - PERSONAL TÉCNICO - INSPECTOR (No incluye Factor de Prestaciones) | E39: 1 | F39: N/A | G39: 0 | H39: 0.2 | J39: 2249000 | K39: =3488450/J39 -> 1.5511116 | L39: 0 | M39: =+$E$19 -> 3 | O39: =(E39*J39*K39)*((M39*H39)+(G39*L39)) -> 2093070
A40: 9088 | B40: 1.202 | C40: TARIFA MES - PERSONAL TÉCNICO - TOPÓGRAFO (No incluye Factor de Prestaciones) | E40: 1 | F40: N/A | G40: 0 | H40: 0.15 | J40: 3092000 | K40: =4506009/J40 -> 1.4573121 | L40: 0 | M40: =+$E$19 -> 3 | O40: =(E40*J40*K40)*((M40*H40)+(G40*L40)) -> 2027704
A41: SUBTOTAL COSTOS MENSUALES DE PERSONAL | O41: =+SUM(O29:O40) -> 1.0085631e+08
A43: COD IDU | B43: 2 | C43: GASTOS OPERACIONALES MENSUALES | E43: CANT. | F43: AREA (M2) | G43: DEDICACIÓN | J43: DEDICACIÓN X ÁREA (M2) | K43: COSTO ($/M2.MES) | L43: N. MESES | O43: VALOR ($)
A44: 9576 | B44: 2.01 | C44: ALQUILER MES - ARRIENDO OFICINA INCL. ADMINISTRACIÓN, SERVICIOS PÚBLICOS, COMUNICACIONES | E44: 1 | F44: N/A | G44: 1 | J44: 30 | K44: 45108 | L44: =+L45 -> 4 | O44: =+L44*K44*J44*E44*G44 -> 5412960
A45: 9578 | B45: 2.02 | C45: TARIFA GLOBAL - GASTOS OFICINA (PAPELERIA, FOTOCOPIAS Y OTROS) | E45: 1 | F45: N/A | G45: 1 | J45: N/A | K45: 1043625 | L45: 4 | O45: =+L45*K45*G45*E45 -> 4174500
A46: 9117 | B46: 2.03 | C46: ALQUILER MES - LABORATORIO - Estudios (Equipo completo) | E46: 1 | F46: N/A | G46: 0.3 | J46: N/A | K46: 6399000 | L46: 2 | O46: =+L46*K46*G46*E46 -> 3839400
A47: 9115 | B47: 2.04 | C47: ALQUILER MES - EQUIPO DE TOPOGRAFÍA (Incluye tránsito, nivel y elementos complementarios). | E47: 1 | F47: N/A | G47: 0.15 | J47: N/A | K47: 4103000 | L47: 3 | O47: =+L47*K47*G47*E47 -> 1846350
C48: SUBTOTAL GASTOS OPERACIONALES MENSUALES | O48: =+SUM(O44:O47) -> 15273210
C50: TOTAL COSTOS PERSONAL + GASTOS OPERACIONALES POR EL TÉRMINO DE EJECUCIÓN | O50: =+O41+O48 -> 1.1612952e+08
C51: TOTAL COSTOS PERSONAL + GASTOS OPERACIONALES POR EL TÉRMINO DE EJECUCIÓN EN PORCENTAJE DEL COSTO DIRECTO | O51: =+O50/E18 -> 0.18420192
B53: 3. IMPUESTOS ESTIMADOS
B54: 3.1 | C54: IMPUESTOS
B55: ÍTEM | C55: DESCRIPCIÓN | L55: IMPUESTO | O55: VALOR ($)
B56: 3.101 | C56: Contribución Especial (Impuesto de Guerra Ley 1738 Dic 18-2014 Prórroga 4 años) | L56: 0.05 | O56: =L56*$E$18 -> 31522343
B57: 3.102 | C57: ICA (Ley 14 6 Jul 1983, Res 219 25 Feb 2004) | L57: 0.0069 | O57: =L57*$E$18 -> 4350083.3
B58: 3.103 | C58: GMF (Ley 1739 23 Dic 2014 modifica el Estatuto Tributario) | L58: 0.004 | O58: =L58*$E$18 -> 2521787.4
B59: 3.104 | C59: Retefuente | L59: 0.02 | O59: =L59*$E$18 -> 12608937
B60: 3.105 | C60: Estampilla Unipedagógica (Dec 584 de 19 Dic 2014) | L60: 0.005 | O60: =L60*$E$18 -> 3152234.3
C61: SUBTOTAL IMPUESTOS | O61: =+SUM(O56:O60) -> 54155385
C63: TOTAL IMPUESTOS | O63: =+O61 -> 54155385
C64: TOTAL IMPUESTOS EN PORCENTAJE DEL COSTO DIRECTO | O64: =+O63/E18 -> 0.0859
B66: 4 | C66: GARANTIAS
B67: ÍTEM | C67: DESCRIPCIÓN | G67: VR. BASE | J67: % ASEGURADO | K67: VIGENCIA AMPARO (MESES) | M67: TASA ASEGURADORA | O67: VALOR ($)
B68: =B66+0.001 -> 4.001 | C68: Cumplimiento | E68: GARANTÍA ÚNICA | G68: 8.7507834e+08 | J68: 0.3 | K68: 6 | M68: 0.004 | O68: =(((((G68*J68)*K68)/12)*M68)+2500)*1.19 -> 627780.93
B69: =B68+0.001 -> 4.002 | C69: Salarios y Prestaciones Sociales | G69: 8.7507834e+08 | J69: 0.1 | K69: =4+3*12 -> 40 | M69: 0.003 | O69: =(((((G69*J69)*K69)/12)*M69)+2500)*1.19 -> 1044318.2
B70: =B69+0.001 -> 4.003 | C70: Estabilidad de la Obra | G70: 8.7507834e+08 | J70: 0.1 | K70: =5*12 -> 60 | M70: 0.004 | O70: =(((((G70*J70)*K70)/12)*M70)+2500)*1.19 -> 2085661.4
B71: =B70+0.001 -> 4.004 | C71: Predios, labores y Operaciones- Vigencia (Decreto 1082 de 2015 Sección III) | E71: RESPONSABILIDAD CIVIL EXTRACONTRACTUAL | G71: =1160000*200 -> 232000000 | J71: 200 SMMLV | K71: 4 | M71: 0.004 | O71: =((((G71*K71)/12)*M71)+2500)*1.19 -> 371081.67
C72: SUBTOTAL GARANTIAS | O72: =SUM(O68:O71) -> 4128842.3
C74: TOTAL GARANTIAS | O74: =O72 -> 4128842.3
C75: TOTAL GARANTIAS EN PORCENTAJE DEL COSTO DIRECTO | O75: =+O74/E18 -> 0.0065490727
C77: A. ADMINISTRACIÓN (1 + 2 + 3) | O77: =+O51+O75+O64 -> 0.27665099
C78: I. IMPREVISTOS | O78: 0.01
C79: U. UTILIDAD | O79: 0.05
C81: A.I.U. (ADMINISTRACIÓN, IMPREVISTOS Y UTILIDAD) | O81: =+O77+O78+O79 -> 0.33665099

Sheet PGA - SST
B2: ALCALDÍA MAYOR DE BOGOTÁ D.C.
B3: ALCALDÍA LOCAL DE TUNJUELITO
B4: FONDO DE DESARROLLO LOCAL DE TUNJUELITO
B5: OFICINA DE INFRAESTRUCTURA | L5: ALCALDÍA LOCAL DE TUNJUELITO
B6: ='[25]DATOS ENTRADA'!$B$7 -> OBJETO DE LA LICITACIÓN: | E6: CONTRATAR POR EL SISTEMA DE PRECIOS UNITARIOS FIJOS Y A MONTO AGOTABLE EL DIAGNOSTICO, MANTENIMIENTO, MEJORAMIENTO, ADECUACIÓN Y/O DOTACIÓN DE LOS PARQUES VECINALES Y DE BOLSILLO DE LA LOCALIDAD DE TUNJUELITO EN LA CIUDAD DE BOGOTÁ D.C
B8: PLAN DE GESTIÓN AMBIENTAL, SEGURIDAD Y SALUD EN EL TRABAJO
B9: COMPONENTE A - PERSONAL
J11: EJECUCIÓN DE OBRA | M11: 4 | N11: MESES
B12: EJECUCIÓN DE OBRAS
B13: ÍTEMS | G13: UN. | H13: CAT | I13: CANT | J13: DEDIC H/MES | K13: TOTAL DEDIC H/PROY | L13: TARIFA | M13: F.P | N13: TOTAL ACTIVIDAD
C14: BRIGADA DE ORDEN, ASEO Y LIMPIEZA
A15: 9455 | B15: 1 | C15: TARIFA MES - PERSONAL DE OBRA - AYUDANTE (No incluye Factor de Prestaciones) | G15: MES | H15: N.A. | I15: 1 | J15: 0.8 | K15: =I15*J15*$M$11 -> 3.2 | L15: 1160000 | M15: 1.6479759 | N15: =ROUND((K15*L15*M15),0) -> 6117286
G16: SUBTOTAL COMPONENTE A | N16: =SUM(N14:N15) -> 6117286
B18: COMPONTE B. MANEJO DE LA VEGETACION Y DEL PAISAJE
B19: ÍTEMS | F19: ESPECIFICACIÓN | G19: UN. | H19: CANTIDAD | J19: VALOR UNITARIO | M19: VALOR TOTAL
B20: B 1 | C20: MANEJO DE LA VEGETACION EXISTENTE Y DE ACTIVIDADES DE DISEÑO PAISAJISTICO
A21: 7285 | B21: 1.1 | C21: SOPORTE MALLA | F21: VARA DE CORREDOR 6.0 M | G21: UN | H21: 3 | J21: 12390 | M21: =ROUND((H21*J21),0) -> 37170
A22: 7559 | B22: 1.2 | C22: PROTECCION DE ARBOLES | F22: TELA VERDE DE CERRAMIENTO (2.10mx250) | G22: M2 | H22: 120 | J22: 793 | M22: =ROUND((H22*J22),0) -> 95160
G23: SUBTOTAL COMPONENTE B | M23: =SUM(M21:N22) -> 132330
B25: COMPONTE C. ACTIVIDADES CONSTRUCTIVAS
B26: ÍTEMS | F26: ESPECIFICACIÓN | G26: UN. | H26: CANTIDAD | J26: VALOR UNITARIO | M26: VALOR TOTAL
B27: C 1 | C27: MANEJO DE CAMPAMENTOS Y CENTROS DE ACOPIO
A28: 9290 | B28: 1.1 | C28: CANECAS PARA CAMPAMENTOS Y FRENTES DE OBRA | F28: CANECA PLÁSTICA NEGRA DE 55 GALONES CON TAPA PLANA. | G28: UN | H28: 4 | J28: 122000 | M28: =ROUND((H28*J28),0) -> 488000
G29: SUBTOTAL DEL PROGRAMA C 1 | M29: =SUM(M28:M28) -> 488000
B31: C 2 | C31: MANEJO DE MATERIALES DE CONSTRUCCIÓN
A32: 7554 | B32: 2.1 | C32: PUNTO DE ACOPIO DE MATERIALES | F32: SEÑALIZACION TUBULAR COLOMBINA PLASTICA | G32: UN | H32: 12 | J32: 43962 | M32: =ROUND((H32*J32),0) -> 527544
A33: 7556 | F33: PLASTICO NEGRO CALIBRE 6 | G33: M2 | H33: 30 | J33: 1312 | M33: =ROUND((H33*J33),0) -> 39360
A34: 7850 | F34: CINTA PARA SEÑALIZACION DE 500MT X 4" PELIGRO CALIBRE 3.5 | G34: ROLLO | H34: 10 | J34: 24285 | M34: =ROUND((H34*J34),0) -> 242850
G35: SUBTOTAL DEL PROGRAMA C 2 | M35: =SUM(M32:N34) -> 809754
B37: C 3 | C37: MANEJO INTEGRAL DE RESIDUOS SÓLIDOS
A38: 7556 | B38: 3.1 | C38: ACOPIO TEMPORAL DE RCD EN FRENTES DE OBRA | F38: PLASTICO NEGRO CALIBRE 6 | G38: M2 | H38: 25 | J38: 1312 | M38: =ROUND((H38*J38),0) -> 32800
A39: 7811 | B39: 3.2 | C39: KIT BRIGADA DE ASEO Y LIMPIEZA | F39: CEPILLO INDUSTRIAL DE NYLON CON CABO DE 35CM A 42CM X 9CM X 17CM | G39: UN | H39: 3 | J39: 13978 | M39: =ROUND((H39*J39),0) -> 41934
A40: 7812 | F40: CARRETILLA RUEDA NEUMATICA PLATON METALICO CAPACIDAD CINCO PIES CUBICOS MANGO MADERA TIPO BUGGY | G40: UN | H40: 3 | J40: 201100 | M40: =ROUND((H40*J40),0) -> 603300
A41: 7813 | F41: BARRA DE 18LB CON PUNTA Y PALA 150CM X 10CM | G41: UN | H41: 2 | J41: 64260 | M41: =ROUND((H41*J41),0) -> 128520
A42: 7814 | F42: SERRUCHO DE 20" DIENTE ENDURECIDO | G42: UN | H42: 1 | J42: 37900 | M42: =ROUND((H42*J42),0) -> 37900
A43: 7815 | F43: MARTILLO DE BOLA DE 2LB | G43: UN | H43: 2 | J43: 37900 | M43: =ROUND((H43*J43),0) -> 75800
A44: 9280 | F44: BOLSA PARA BASURA TIPO INDUSTRIAL NEGRA DE 60 x 90 Cm CALIBRE 2 (PAQUETE DE 30 UNIDADES) | G44: UN | H44: 4 | J44: 10042 | M44: =ROUND((H44*J44),0) -> 40168
A45: 9287 | F45: PALA REDONDA No. 2 CON CABO | G45: UN | H45: 3 | J45: 19517 | M45: =ROUND((H45*J45),0) -> 58551
G46: SUBTOTAL DEL PROGRAMA C 3 | M46: =SUM(M38:N45) -> 1018973
B48: C 4 | C48: CONTROL DE EMISIONES ATMOSFERICAS
A49: 5366 | B49: 4.1 | C49: DEMARCACIÓN DEL ÁREA DE TRABAJO | F49: POLISOMBRA VERDE PARA CERRAMIENTO. SUMINISTRO E INSTALACION. | G49: M2 | H49: 300 | J49: 2601 | M49: =ROUND((H49*J49),0) -> 780300
A50: 7554 | B50: 4.2 | F50: SEÑALIZACIÓN TUBULAR COLOMBINA PLASTICA | G50: UN | H50: 15 | J50: 43962 | M50: =ROUND((H50*J50),0) -> 659430
G51: SUBTOTAL DEL PROGRAMA C 4 | M51: =SUM(M49:N50) -> 1439730
B53: C 5 | C53: MANEJO INTEGRAL DE CUERPOS DE AGUA
A54: 5168 | B54: 5.1 | C54: PROTECCIÓN DE SUMIDEROS | F54: PROTECCIÓN A SUMIDEROS (Incluye suministro y colocación de bolsas de lona y geotextil NT 1600 o similar). | G54: UN/MES | H54: 3 | J54: 10121 | M54: =ROUND((H54*J54),0) -> 30363
A55: 5366 | B55: 5.2 | F55: POLISOMBRA VERDE PARA CERRAMIENTO. SUMINISTRO E INSTALACION. | G55: M2 | H55: 25 | J55: 2656 | M55: =ROUND((H55*J55),0) -> 66400
G56: SUBTOTAL DEL PROGRAMA C 5 | M56: =SUM(M54:N55) -> 96763
G57: SUBTOTAL COMPONENTE C | M57: =M29+M35+M46+M51+M56 -> 3853220
B59: COMPONENTE D. GESTIÓN EN SEGURIDAD Y SALUD EN EL TRABAJO
B60: ÍTEMS | G60: UN. | H60: CANTIDAD | J60: VALOR UNITARIO | M60: VALOR TOTAL
B61: D 1 | C61: SEGURIDAD Y SALUD EN EL TRABAJO
A62: 7569 | B62: 1.01 | C62: BOTIQUIN PRIMEROS AUXILIOS CON MEDICAMENTOS DE 22CM X 27CM | G62: UN | H62: 1 | J62: 51308 | M62: =ROUND((H62*J62),0) -> 51308
A63: 7577 | B63: =B62+0.01 -> 1.02 | C63: GAFAS DE SEGURIDAD | G63: UN | H63: 10 | J63: 4641 | M63: =ROUND((H63*J63),0) -> 46410
A64: 7578 | B64: 1.03 | C64: GUANTES DE VAQUETA | G64: UN | H64: 10 | J64: 5831 | M64: =ROUND((H64*J64),0) -> 58310
A65: 7580 | B65: 1.04 | C65: CASCO DE SEGURIDAD DIELECTRICO | G65: UN | H65: 10 | J65: 20111 | M65: =ROUND((H65*J65),0) -> 201110
A66: 7583 | B66: 1.05 | C66: PROTECTOR AUDITIVO TIPO COPA | G66: UN | H66: 10 | J66: 18921 | M66: =ROUND((H66*J66),0) -> 189210
A67: 7818 | B67: 1.06 | C67: CAMILLA MADERA PRIMEROS AUXILIOS INMOVILIZADOR CABEZA | G67: UN | H67: 1 | J67: 205195 | M67: =ROUND((H67*J67),0) -> 205195
A68: 7819 | B68: 1.07 | C68: EXTINTOR POLVO QUIMICO SECO DE 20LB TIPO ABC METALICO CON GANCHO Y AVISO | G68: UN | H68: 1 | J68: 56287 | M68: =ROUND((H68*J68),0) -> 56287
A69: 7823 | B69: 1.08 | C69: BOTA DE CAUCHO, CINTA AMARILLA, PUNTERA Y PLANTILLA EN ACERO | G69: PAR | H69: 10 | J69: 105910 | M69: =ROUND((H69*J69),0) -> 1059100
A70: 7825 | B70: 1.09 | C70: MASCARILLA DESECHABLE CONTRA POLVOS Y PARTICULAS NO TÓXICAS | G70: UN | H70: 10 | J70: 1785 | M70: =ROUND((H70*J70),0) -> 17850
A71: 7827 | B71: 1.1 | C71: PROTECTOR AUDITIVO TIPO TAPON INSERCIÓN EN SILICONA CON CORDEL EN ESTUCHE | G71: PAR | H71: 10 | J71: 2023 | M71: =ROUND((H71*J71),0) -> 20230
A72: 7832 | B72: 1.11 | C72: BARBUQUEJO EN REATA CON MENTONERA CON TRES APOYOS PARA CASCO | G72: UN | H72: 10 | J72: 4165 | M72: =ROUND((H72*J72),0) -> 41650
A73: 7839 | B73: 1.12 | C73: OVEROL IMPERMEABLE INDUSTRIAL AMARILLO 2 PIEZAS CON CAPUCHA | G73: UN | H73: 10 | J73: 49980 | M73: =ROUND((H73*J73),0) -> 499800
A74: 7844 | B74: 1.13 | C74: GUANTE NITRILO 13" RESISTENTE CONTRA QUIMICOS COMBUSTIBLES SOLVENTES GRASAS | G74: PAR | H74: 10 | J74: 7021 | M74: =ROUND((H74*J74),0) -> 70210
A75: 9283 | B75: 1.14 | C75: GUANTE CAUCHO NEGRO CORRUGADO CALIBRE 35 | G75: PAR | H75: 10 | J75: 4641 | M75: =ROUND((H75*J75),0) -> 46410
... A77: 9289 | B77: 1.16 | C77: FILTRO CONTRA POLVO PARA RESPIRADORES | G77: UN | H77: 10 | J77: 1904 | M77: =ROUND((H77*J77),0) -> 19040
C78: EXÁMENES OCUPACIONALES | H78: CANTIDAD
A79: 7904 | B79: =B77+0.01 -> 1.17 | C79: EXÁMEN MÉDICO OCUPACIONAL DE INGRESO O RETIRO | G79: UN | H79: 10 | J79: 28000 | M79: =ROUND((H79*J79),0) -> 280000
A80: 7906 | B80: =B79+0.01 -> 1.18 | C80: EXAMEN DE AUDIOMETRÍA DE INGRESO O EGRESO | G80: UN | H80: 10 | J80: 15500 | M80: =ROUND((H80*J80),0) -> 155000
A81: 7908 | B81: =B80+0.01 -> 1.19 | C81: EXAMEN DE OPTOMETRÍA DE INGRESO O EGRESO | G81: UN | H81: 10 | J81: 20000 | M81: =ROUND((H81*J81),0) -> 200000
G82: SUBTOTAL COMPONENTE D | M82: =SUM(M62:N81) -> 3662120
B85: COMPONENTE E. PLAN DE SEÑALIZACIÓN
B86: ÍTEMS | F86: ESPECIFICACIÓN | G86: UN. | H86: CANTIDAD | J86: VALOR UNITARIO | M86: VALOR TOTAL
B87: E 1 | C87: MANEJO SEÑALIZACIÓN FRENTE DE OBRA
A88: 9985 | B88: 1.1 | C88: SEÑALES DE CAMPAMENTO Y FRENTES DE OBRA | F88: SEÑAL EN POLIESTRIENO (30cm x 20cm) FOTOLUMINISCENTE - NORMA NTC - ISO | G88: UN | H88: 2 | J88: 68425 | M88: =ROUND((H88*J88),0) -> 136850
A89: 9986 | F89: SEÑAL EN POLIESTRIENO (30cm x 45cm) REFLECTIVO GRADO INGENIERÍA - NORMA ISO | G89: UN | H89: 1 | J89: 78838 | M89: =ROUND((H89*J89),0) -> 78838
G90: SUBTOTAL COMPONENTE E | M90: =SUM(M88:N89) -> 215688
B93: SUBTOTAL COMPONENTES A+B+C+D+E | M93: =N16+M23+M57+M82+M90 -> 13980644
B94: A.I.U. | L94: =+'AIU PGA-SST'!L30 -> 0.14589998 | M94: =ROUND((M93*L94),0) -> 2039776
B95: VALOR GLOBAL AMBIENTAL CON AIU : TOTAL COMPONENTES A+B+C+D+E | M95: =M93+M94 -> 16020420
B96: COSTO DIRECTO DE OBRA | M96: =+'AIU OBRA'!E18 -> 630446858
B97: CALCULO DE COMPONENTE PGA Y SST | M97: =+M95/M96 -> 0.025411214

Sheet AIU PGA-SST
B2: ALCALDÍA MAYOR DE BOGOTÁ D.C.
B3: ALCALDÍA LOCAL DE TUNJUELITO
B4: FONDO DE DESARROLLO LOCAL DE TUNJUELITO
B5: OFICINA DE INFRAESTRUCTURA | J5: ALCALDÍA LOCAL DE TUNJUELITO
B6: OBJETO DE LA LICITACIÓN: | D6: CONTRATAR POR EL SISTEMA DE PRECIOS UNITARIOS FIJOS Y A MONTO AGOTABLE EL DIAGNOSTICO, MANTENIMIENTO, MEJORAMIENTO, ADECUACIÓN Y/O DOTACIÓN DE LOS PARQUES VECINALES Y DE BOLSILLO DE LA LOCALIDAD DE TUNJUELITO EN LA CIUDAD DE BOGOTÁ D.C
B8: MATRIZ PARA CÁLCULO DE AIU PLAN DE GESTIÓN AMBIENTAL, SEGURIDAD Y SALUD EN EL TRABAJO
B9: SUBTOTAL COMPONENTES A+B+C+D+E | E9: =+'PGA - SST'!M93 -> 13980644 | I9: FECHA: | J9: =TODAY() -> 45203
B10: TERMINO ESTIMADO DE EJECUCIÓN DE OBRA | E10: 4 | F10: MESES | I10: CONTRATO No.
B12: 3. IMPUESTOS Y GARANTÍAS
B13: 3.1 | C13: IMPUESTOS
B14: ÍTEM | C14: DESCRIPCIÓN | J14: IMPUESTO | L14: VALOR ($)
B15: =B13+0.001 -> 3.101 | C15: Contribución Especial (Impuesto de Guerra Ley 1738 Dic 18-2014 Prórroga 4 años) | J15: 0.05 | L15: =ROUND($E$9*J15,0) -> 699032
B16: =B15+0.001 -> 3.102 | C16: ICA (Ley 14 6 Jul 1983, Res 219 25 Feb 2004) | J16: =6.9/1000 -> 0.0069 | L16: =ROUND($E$9*J16,0) -> 96466
B17: =B16+0.001 -> 3.103 | C17: GMF (Ley 1739 23 Dic 2014 modifica el Estatuto Tributario) | J17: =(4/1000) -> 0.004 | L17: =ROUND($E$9*J17,0) -> 55923
B18: =B17+0.001 -> 3.104 | C18: Retefuente | J18: 0.02 | L18: =ROUND($E$9*J18,0) -> 279613
B19: =B18+0.001 -> 3.105 | C19: Estampilla Unipedagógica (Dec 584 de 19 Dic 2014) | J19: 0.005 | L19: =ROUND($E$9*J19,0) -> 69903
C20: SUBTOTAL IMPUESTOS | L20: =SUM(L15:L19) -> 1200937
C23: TOTAL IMPUESTOS | L23: =L20 -> 1200937
C24: TOTAL IMPUESTOS EN PORCENTAJE DEL COSTO DIRECTO | L24: =L23/E9 -> 0.085899977
C26: A. ADMINISTRACIÓN (1 + 2 + 3) | L26: =L24 -> 0.085899977
C27: I. IMPREVISTOS | L27: 0.01
C28: U. UTILIDAD | L28: 0.05
C30: A.I.U. (ADMINISTRACIÓN, IMPREVISTOS Y UTILIDAD) | L30: =SUM(L26:L28) -> 0.14589998

Sheet PGS
B2: ALCALDÍA MAYOR DE BOGOTÁ D.C.
B3: ALCALDÍA LOCAL DE TUNJUELITO
B4: FONDO DE DESARROLLO LOCAL DE TUNJUELITO
B5: OFICINA DE INFRAESTRUCTURA | J5: ALCALDÍA LOCAL DE TUNJUELITO
B6: ='[26]D. ENTRADA'!B7 -> OBJETO DE LA LICITACIÓN: | D6: CONTRATAR POR EL SISTEMA DE PRECIOS UNITARIOS FIJOS Y A MONTO AGOTABLE EL DIAGNOSTICO, MANTENIMIENTO, MEJORAMIENTO, ADECUACIÓN Y/O DOTACIÓN DE LOS PARQUES VECINALES Y DE BOLSILLO DE LA LOCALIDAD DE TUNJUELITO EN LA CIUDAD DE BOGOTÁ D.C
G7: EJECUCIÓN DE OBRA | J7: 4 | K7: MESES
B8: CONTROL DE INVERSIÓN GESTIÓN SOCIAL PARA OBRAS
B9: COMPONENTE | D9: Unidad | E9: Valor Unitario | F9: Factor Prestacional | G9: Cantidad | H9: Dedicación H/Mes | I9: Plazo (Meses) | J9: Dedicación Total (Meses) | K9: Subtotal
B10: Componente A. Personal Profesional de Gestión Social
B11: ACTAS DE VECINDAD
A12: 7308 | B12: A.2 | C12: Asistente Social | D12: MES | E12: 1160000 | F12: 1.6479759 | G12: 1 | H12: 0.5 | I12: 4 | J12: =G12*H12*I12 -> 2 | K12: =ROUND((E12*F12*J12),0) -> 3823304
J13: Subtotal Componente Personal Profesional | K13: =SUM(K11:K12) -> 3823304
B15: Componente B. Plan de Gestión Social
B16: COMPONENTE | D16: Unidad | E16: Valor Unitario | I16: Cantidad Obra | K16: Subtotal
B17: B.1 | C17: Programa de Información
A18: 5928 | B18: B.1.1 | C18: CAMARA FOTOGRAFICA DIGITAL COMPACTA. ALQUILER. DE 16.2 MEGAPIXELES. MEMORIA DE 6 GB. VIDEO HD CON PAUSA Y ZOOM. INCLUYE TRANSPORTE, SOPORTE TECNICO. | D18: MES | E18: 23991 | I18: 4 | K18: =I18*E18 -> 95964
A19: 7870 | B19: B.1.2. | C19: VÍDEO BEAM - ALQUILER POR DIA | D19: DIA | E19: 107100 | I19: 3 | K19: =ROUND((E19*I19),0) -> 321300
J20: Subtotal Programa de Información | K20: =SUM(K18:K19) -> 417264
B21: B.2 | C21: Programa de Divulgación al Ciudadano
A22: 7896 | B22: B.2.1. | C22: IMPRESIÓN HOJA CARTA, A 1X0 TINTAS EN PAPEL BOND DE 75 GR. | D22: UN | E22: 95 | I22: 1000 | K22: =ROUND((E22*I22),0) -> 95000
A23: 7897 | B23: B.2.2. | C23: AFICHE TAMAÑO MEDIO PLIEGO A 4X0 TINTAS EN PROPALCOTE DE 115 GR. | D23: UN | E23: 1309 | I23: 20 | K23: =ROUND((E23*I23),0) -> 26180
A24: 7898 | B24: B.2.3. | C24: PLEGABLES DE SOSTENIBILIDAD EN TRES CUERPOS TAMAÑO CARTA A 4X4 TINTAS EN PROPALCOTE. | D24: UN | E24: 500 | I24: 100 | K24: =ROUND((E24*I24),0) -> 50000
A25: 7774 | B25: B.2.4. | C25: VALLA MÓVIL DE 1.20M X 1.20M EN LÁMINA GALVANIZADA CALIBRE 20, ÁNGULO EN HIERRO DE 2 X 1-1/8" IMPRESO EN VINILO ADHESIVO. INCLUYE SUMINISTRO E INSTALACIÓN. IMPRESIÓN 720 DPI; TINTAS PARA EXTERIORES. | D25: UN | E25: 382737 | I25: 2 | K25: =E25*I25 -> 765474
A26: 7903 | B26: B.2.5 | C26: PENDONES ELABORADOS EN BANNER, CON UNA DIMENSIÓN DE 1.00 M DE ANCHO POR 1.50 M DE LARGO. IMPRESIÓN A FULL COLOR SEGÚN DISEÑOS DE OJALETES. | D26: UN | E26: 44625 | I26: 3 | K26: =E26*I26 -> 133875
J27: Subtotal Programa de Divulgación al Ciudadano | K27: =SUM(K22:K26) -> 1070529
B29: B.3 | C29: Programa de Atención al Ciudadano
B30: COMPONENTE | D30: Unidad | E30: Valor Unitario | F30: Cantidad | H30: Dedicación Mes | I30: Plazo (Meses) | J30: Dedicación Total (Meses) | K30: Subtotal
B31: B.3.1 | C31: Adecuación del Punto CREA - Atención al Ciudadano
A32: 6169 | B32: B.3.1.1 | C32: ALQUILER DE PUESTO DE TRABAJO - ESCRITORIO 75x120x50cm | D32: UN/MES | E32: 9730 | F32: 2 | H32: 0.2 | I32: =$J$7 -> 4 | J32: =F32*H32*I32 -> 1.6 | K32: =ROUND((E32*I32*J32),0) -> 62272
A33: 6170 | B33: B.3.1.2 | C33: ALQUILER DE SILLA PARA ESCRITORIO PARA PUESTO DE TRABAJO | D33: UN/MES | E33: 8795 | F33: 5 | H33: 0.2 | I33: =$J$7 -> 4 | J33: =F33*H33*I33 -> 4 | K33: =ROUND((E33*I33*J33),0) -> 140720
A34: 6172 | B34: B.3.1.3 | C34: ALQUILER DE SILLA PLÁSTICA SIN BRAZOS | D34: UN/MES | E34: 1953 | F34: 5 | H34: 0.2 | I34: =$J$7 -> 4 | J34: =F34*H34*I34 -> 4 | K34: =ROUND((E34*I34*J34),0) -> 31248
A35: 7992 | B35: B.3.1.4 | C35: AVISO PUNTO CREA 1.50m x 0.90m EN LÁMINA GALVANIZADA CAL. 24. INCLUYE SUMINISTRO E INSTALACIÓN | D35: UN | E35: 500000 | F35: 1 | H35: 1 | I35: 1 | J35: =F35*H35*I35 -> 1 | K35: =ROUND((E35*I35*J35),0) -> 500000
A36: 8765 | B36: B.3.1.5 | C36: ALQUILER DE MESA PLÁSTICA DE 0.72m x 0.72m x 0.72m (Según Apéndice Bioseguridad Covid 19) | D36: UN/MES | E36: 4872 | F36: 3 | H36: 0.2 | I36: =+I34 -> 4 | J36: =F36*H36*I36 -> 2.4 | K36: =ROUND((E36*I36*J36),0) -> 46771
J37: Subtotal Programa de Atención al Ciudadano | K37: =SUM(K32:K36) -> 781011
C39: SUBTOTAL COSTO DE PERSONAL PARA EL PLAN DE GESTIÓN SOCIAL | K39: =K13 -> 3823304
C40: SUBTOTAL COSTOS DE SUBPROGRAMAS DE PLAN DE GESTIÓN SOCIAL | K40: =K20+K27+K37 -> 2268804
C42: SUBTOTAL COSTO DEL PLAN DE GESTIÓN SOCIAL | K42: =K39+K40 -> 6092108
C44: AIU | J44: =+'AIU-PGS'!L30 -> 0.14589999 | K44: =ROUND((K42*J44),0) -> 888838
C46: TOTAL COSTO DEL PLAN DE GESTIÓN SOCIAL | K46: =ROUND((K42+K44),0) -> 6980946
C47: COSTO DIRECTO DE OBRA | K47: =+'AIU OBRA'!E18 -> 630446858
C48: CALCULO DEL COMPONENTE PGS | K48: =+K46/K47 -> 0.011073013

Sheet AIU-PGS
B2: ALCALDÍA MAYOR DE BOGOTÁ D.C.
B3: ALCALDÍA LOCAL DE TUNJUELITO
B4: FONDO DE DESARROLLO LOCAL DE TUNJUELITO
B5: OFICINA DE INFRAESTRUCTURA | J5: ALCALDÍA LOCAL DE TUNJUELITO
B6: OBJETO DE LA LICITACIÓN: | D6: CONTRATAR POR EL SISTEMA DE PRECIOS UNITARIOS FIJOS Y A MONTO AGOTABLE EL DIAGNOSTICO, MANTENIMIENTO, MEJORAMIENTO, ADECUACIÓN Y/O DOTACIÓN DE LOS PARQUES VECINALES Y DE BOLSILLO DE LA LOCALIDAD DE TUNJUELITO EN LA CIUDAD DE BOGOTÁ D.C
B8: MATRIZ PARA CÁLCULO DE AIU PLAN DE GESTIÓN SOCIAL
B9: SUBTOTAL COMPONENTES A+B+C+D+E | E9: =+PGS!K42 -> 6092108 | I9: FECHA: | J9: =TODAY() -> 45203
B10: TERMINO ESTIMADO DE EJECUCIÓN DE OBRA | E10: 4 | F10: MESES | I10: CONTRATO No.
B12: 3. IMPUESTOS Y GARANTÍAS
B13: 3.1 | C13: IMPUESTOS
B14: ÍTEM | C14: DESCRIPCIÓN | J14: IMPUESTO | L14: VALOR ($)
B15: =B13+0.001 -> 3.101 | C15: Contribución Especial (Impuesto de Guerra Ley 1738 Dic 18-2014 Prórroga 4 años) | J15: 0.05 | L15: =ROUND($E$9*J15,0) -> 304605
B16: =B15+0.001 -> 3.102 | C16: ICA (Ley 14 6 Jul 1983, Res 219 25 Feb 2004) | J16: =6.9/1000 -> 0.0069 | L16: =ROUND($E$9*J16,0) -> 42036
B17: =B16+0.001 -> 3.103 | C17: GMF (Ley 1739 23 Dic 2014 modifica el Estatuto Tributario) | J17: =(4/1000) -> 0.004 | L17: =ROUND($E$9*J17,0) -> 24368
B18: =B17+0.001 -> 3.104 | C18: Retefuente | J18: 0.02 | L18: =ROUND($E$9*J18,0) -> 121842
B19: =B18+0.001 -> 3.105 | C19: Estampilla Unipedagógica (Dec 584 de 19 Dic 2014) | J19: 0.005 | L19: =ROUND($E$9*J19,0) -> 30461
C20: SUBTOTAL IMPUESTOS | L20: =SUM(L15:L19) -> 523312
C23: TOTAL IMPUESTOS | L23: =L20 -> 523312
C24: TOTAL IMPUESTOS EN PORCENTAJE DEL COSTO DIRECTO | L24: =L23/E9 -> 0.085899987
C26: A. ADMINISTRACIÓN (1 + 2 + 3) | L26: =L24 -> 0.085899987
C27: I. IMPREVISTOS | L27: 0.01
C28: U. UTILIDAD | L28: 0.05
C30: A.I.U. (ADMINISTRACIÓN, IMPREVISTOS Y UTILIDAD) | L30: =SUM(L26:L28) -> 0.14589999

Sheet PMT
B2: ALCALDÍA MAYOR DE BOGOTÁ D.C.
B3: ALCALDÍA LOCAL DE TUNJUELITO
B4: FONDO DE DESARROLLO LOCAL DE TUNJUELITO
B5: OFICINA DE INFRAESTRUCTURA | M5: ALCALDÍA LOCAL DE TUNJUELITO
B6: OBJETO DE LA LICITACIÓN: | D6: CONTRATAR POR EL SISTEMA DE PRECIOS UNITARIOS FIJOS Y A MONTO AGOTABLE EL DIAGNOSTICO, MANTENIMIENTO, MEJORAMIENTO, ADECUACIÓN Y/O DOTACIÓN DE LOS PARQUES VECINALES Y DE BOLSILLO DE LA LOCALIDAD DE TUNJUELITO EN LA CIUDAD DE BOGOTÁ D.C
B8: CONTROL DE INVERSIÓN PLAN DE MANEJO DE TRÁNSITO
D10: PLAZO: | F10: 4 | G10: MESES
B12: No. | C12: DESCRIPCIÓN | D12: TIEMPO | F12: CAT | G12: VALOR UNITARIO (MENSUAL) | H12: F.P. | I12: ESTUDIOS Y DISEÑOS | J12: MANTENIENTO, DOTACION O ADECUACION DEL PARQUE | M12: CANT TOTAL | N12: VR TOTAL
D13: Und | E13: Cant | I13: 1 | J13: 2 | K13: 3 | L13: 4
B14: 1 | C14: PERSONAL
C15: AFORADOR
A16: 9455 | B16: 1.2 | C16: TARIFA MES - PERSONAL DE OBRA - AYUDANTE (No incluye Factor de Prestaciones) | D16: MES | E16: 1 | G16: 1160000 | H16: 1.6479759 | I16: 0.5 | J16: 0.3 | K16: 0.3 | L16: 0 | M16: =(SUM(I16:L16))*E16 -> 1.1 | N16: =ROUND((G16*H16*M16),0) -> 2102817 | Q16: 1911652 | R16: =+Q16/G16 -> 1.6479759
C17: PALETERO
A18: 9455 | B18: 1.3 | C18: TARIFA MES - PERSONAL DE OBRA - AYUDANTE (No incluye Factor de Prestaciones) | D18: MES | E18: 3 | G18: 1160000 | H18: 1.6479759 | I18: 0 | J18: 0.3 | K18: 0.3 | L18: 0.3 | M18: =(SUM(I18:L18))*E18 -> 2.7 | N18: =ROUND((G18*H18*M18),0) -> 5161460
M19: SUBTOTAL COSTOS PERSONAL | N19: =SUM(N15:N18) -> 7264277
B20: 2 | C20: SEÑALIZACION TEMPORAL
A21: 4928 | B21: 2.1 | C21: CANALIZACIÓN DE TRÁFICO (INSTALACIÓN, MANTENIMIENTO Y DESINSTALACIÓN MENSUAL) CON SEÑALIZADORES TUBULARES COLOMBINA PLÁSTICA Y TRIPLE CINTA DE SEÑALIZACIÓN (INCLUYE ALQUILER DE SEÑALIZADORES TUBULARES). LONGITUD 3 METROS. | D21: UN/MES | E21: 3 | G21: 8482 | J21: 1 | K21: 1 | L21: 1 | M21: =(SUM(I21:L21))*E21 -> 9 | N21: =ROUND((M21*G21),0) -> 76338
A22: 6178 | B22: 2.2 | C22: ALQUILER SEÑAL VERTICAL GRUPO I (75x75cm) (Incluye Suministro e Instalación) | D22: UN/MES | E22: 3 | G22: 14641 | J22: 1 | K22: 1 | L22: 1 | M22: =(SUM(I22:L22))*E22 -> 9 | N22: =ROUND((M22*G22),0) -> 131769
A23: 6181 | B23: 2.3 | C23: ALQUILER DE PALETA PARE-SIGA EN POLIETILENO. | D23: UN/MES | E23: 3 | G23: 2470 | J23: 1 | K23: 1 | L23: 1 | M23: =(SUM(I23:L23))*E23 -> 9 | N23: =ROUND(M23*G23,0) -> 22230
A24: 6186 | B24: 2.4 | C24: ALQUILER BARRERA RELLENABLE (2.00x0.55x1.00m) | D24: UN/MES | E24: 3 | G24: 15620 | J24: 1 | K24: 1 | L24: 1 | M24: =(SUM(I24:L24))*E24 -> 9 | N24: =ROUND(M24*G24,0) -> 140580
A25: 7555 | B25: 2.5 | C25: CINTA DE SEÑALIZACION CAL 4 (ROLLO 500mx0.10m) | D25: UN | E25: 5 | G25: 37188 | J25: 1 | K25: 1 | L25: 1 | M25: =(SUM(I25:L25))*E25 -> 15 | N25: =ROUND(M25*G25,0) -> 557820
M26: SUBTOTAL OTROS COSTOS DIRECTOS | N26: =SUM(N20:N25) -> 928737
G28: SUB TOTAL | N28: =N19+N26 -> 8193014
G29: A.I.U | M29: =+'AIU-PMT'!L30 -> 0.14590001 | N29: =ROUND((N28*M29),0) -> 1195361
G30: VALOR TOTAL | N30: =N28+N29 -> 9388375
G31: COSTO DIRECTO DE OBRA | N31: =+'AIU OBRA'!E18 -> 630446858
G32: CALCULO DEL COMPONENTE PMT | N32: =+N30/N31 -> 0.01489162

Sheet AIU-PMT
B2: ALCALDÍA MAYOR DE BOGOTÁ D.C.
B3: ALCALDÍA LOCAL DE TUNJUELITO
B4: FONDO DE DESARROLLO LOCAL DE TUNJUELITO
B5: OFICINA DE INFRAESTRUCTURA | J5: ALCALDÍA LOCAL DE TUNJUELITO
B6: OBJETO DE LA LICITACIÓN: | D6: CONTRATAR POR EL SISTEMA DE PRECIOS UNITARIOS FIJOS Y A MONTO AGOTABLE EL DIAGNOSTICO, MANTENIMIENTO, MEJORAMIENTO, ADECUACIÓN Y/O DOTACIÓN DE LOS PARQUES VECINALES Y DE BOLSILLO DE LA LOCALIDAD DE TUNJUELITO EN LA CIUDAD DE BOGOTÁ D.C
B8: MATRIZ PARA CÁLCULO DE AIU PLAN DE MANEJO DE TRÁNSITO
B9: SUBTOTAL COMPONENTES A+B+C+D+E | E9: =+PMT!N28 -> 8193014 | I9: FECHA: | J9: =TODAY() -> 45203
B10: TERMINO ESTIMADO DE EJECUCIÓN DE OBRA | E10: 7 | F10: MESES | I10: CONTRATO No.
B12: 3. IMPUESTOS Y GARANTÍAS
B13: 3.1 | C13: IMPUESTOS
B14: ÍTEM | C14: DESCRIPCIÓN | J14: IMPUESTO | L14: VALOR ($)
B15: =B13+0.001 -> 3.101 | C15: Contribución Especial (Impuesto de Guerra Ley 1738 Dic 18-2014 Prórroga 4 años) | J15: 0.05 | L15: =ROUND($E$9*J15,0) -> 409651
B16: =B15+0.001 -> 3.102 | C16: ICA (Ley 14 6 Jul 1983, Res 219 25 Feb 2004) | J16: =6.9/1000 -> 0.0069 | L16: =ROUND($E$9*J16,0) -> 56532
B17: =B16+0.001 -> 3.103 | C17: GMF (Ley 1739 23 Dic 2014 modifica el Estatuto Tributario) | J17: =(4/1000) -> 0.004 | L17: =ROUND($E$9*J17,0) -> 32772
B18: =B17+0.001 -> 3.104 | C18: Retefuente | J18: 0.02 | L18: =ROUND($E$9*J18,0) -> 163860
B19: =B18+0.001 -> 3.105 | C19: Estampilla Unipedagógica (Dec 584 de 19 Dic 2014) | J19: 0.005 | L19: =ROUND($E$9*J19,0) -> 40965
C20: SUBTOTAL IMPUESTOS | L20: =SUM(L15:L19) -> 703780
C23: TOTAL IMPUESTOS | L23: =L20 -> 703780
C24: TOTAL IMPUESTOS EN PORCENTAJE DEL COSTO DIRECTO | L24: =L23/E9 -> 0.085900012
C26: A. ADMINISTRACIÓN (1 + 2 + 3) | L26: =L24 -> 0.085900012
C27: I. IMPREVISTOS | L27: 0.01
C28: U. UTILIDAD | L28: 0.05
C30: A.I.U. (ADMINISTRACIÓN, IMPREVISTOS Y UTILIDAD) | L30: =SUM(L26:L28) -> 0.14590001
